 Dungeon Crawl Stone Soup version 0.22-a0-580-gd5db89c (webtiles) character file.

1337 iamserjio the Conjurer (level 8, -10/67 HPs)
             Began as a Green Draconian Conjurer on July 3, 2018.
             Was an Initiate of Vehumet.
             Mangled by an orc warrior
             ... wielding a +0 glaive
              (24 damage)
             ... on level 6 of the Dungeon.
             The game lasted 00:18:45 (8347 turns).

iamserjio the Conjurer (Green Draconian Conjurer)   Turns: 8347, Time: 00:18:46

Health: -10/67     AC:  6    Str: 11    XL:     8   Next: 35%
Magic:  5/15       EV: 12    Int: 17    God:    Vehumet [......]
Gold:   205        SH:  0    Dex: 12    Spells: 1/17 levels left

rFire    . . .     SeeInvis .   x - +0 spear
rCold    + . .     Gourm    .   (no shield)
rNeg     + . .     Faith    .   (armour unavailable)
rPois    +         Spirit   .   (helmet restricted)
rElec    .         Reflect  .   (no cloak)
rCorr    .         Harm     .   (no gloves)
MR       .....                  (no boots)
Stlth    ++........             (no amulet)
HPRegen  0.21/turn              e - ring of protection from cold
MPRegen  0.14/turn              B - ring of positive energy

@: no status effects
A: breathe noxious fumes, unfitting armour, poison resistance, cold-blooded, AC
+6
a: Breathe Noxious Fumes, Renounce Religion


You were on level 6 of the Dungeon.
You worshipped Vehumet.
Vehumet was noncommittal.
You were near starving.

You visited 1 branch of the dungeon, and saw 6 of its levels.

You collected 415 gold pieces.
You spent 210 gold pieces at shops.

Inventory:

Hand Weapons
 k - a +0 hunting sling
 n - a +0 long sword
 x - a +0 spear (weapon)
Missiles
 f - 55 sling bullets
 i - 16 poisoned needles
 A - 4 needles of frenzy
Jewellery
 e - a ring of protection from cold (left hand)
 B - a ring of positive energy (right hand)
Wands
 d - a wand of paralysis (18)
 r - a wand of iceblast (5)
Scrolls
 a - a scroll of blinking {unknown}
 o - 2 scrolls of remove curse {@r2}
 q - 2 scrolls of amnesia
 s - a scroll of magic mapping {unknown}
 u - 2 scrolls of teleportation {unknown}
 w - a scroll of random uselessness {unknown}
 y - a scroll of enchant weapon {unknown}
Potions
 c - 3 potions of curing {@q1}
 g - a potion of agility
 h - a potion of mutation
 j - a potion of heal wounds {unknown}
 l - a potion of flight {unknown}
 m - 3 potions of cancellation
 v - a potion of berserk rage {unknown}
 z - a potion of degeneration {unknown}
Comestibles
 b - 10 rations


   Skills:
 + Level 4.8 Fighting
 - Level 1.7 Dodging
 - Level 1.7 Stealth
 + Level 5.3 Spellcasting
 * Level 7.8 Conjurations
 - Level 2.0 Hexes
 + Level 1.3 Poison Magic


You had one spell level left.
You knew the following spells:

 Your Spells              Type           Power        Failure   Level  Hunger
a - Magic Dart            Conj           ####         1%          1    None
b - Searing Ray           Conj           ####..       1%          2    #......
c - Fulminant Prism       Conj/Hex       ###.......   19%         4    ####...
d - Iskenderun's Mystic   Conj           ####....     5%          4    ####...
e - Mephitic Cloud        Conj/Pois/Air  ##......     12%         3    ##.....
f - Blink                 Tloc           N/A          22%         2    #......

Your spell library contained the following spells:

 Spells                   Type           Power        Failure   Level  Hunger
 Conjure Flame            Conj/Fire      ###.....     9%          3    ##.....
 Slow                     Hex            ##......     9%          2    #......
 Confuse                  Hex            ##......     19%         3    ##.....
 Call Imp                 Summ           #.......     22%         2    #......
 Tukima's Dance           Hex            ##......     19%         3    ##.....
 Ensorcelled Hibernation  Hex/Ice        #.....       14%         2    #......
 Corona                   Hex            ##.....      6%          1    None
 Dazzling Spray           Conj/Hex       ###...       5%          3    ##.....
 Force Lance              Conj/Tloc      ###.....     28%         4    ####...


Dungeon Overview and Level Annotations

Branches:
Dungeon (6/15)             Temple (0/1) D:5

Altars:
Dithmenos
Sif Muna
Vehumet
Wu Jian
Xom
Zin

Shops:
D:4 %   D:5 *

Annotations:
D:4 2 runed doors, Alabard's ghost, amateur DEVM


Innate Abilities, Weirdness & Mutations

You can breathe blasts of noxious fumes.
Your lurid green scales are hard. (AC +6)
You cannot fit into any form of body armour.
Your system is resistant to poisons. (rPois)
You are cold-blooded and may be slowed by cold attacks.


Message History

The orc warrior resists with some effort.
The orc warrior hits you from afar with a glaive!!
* * * LOW HITPOINT WARNING * * *
Evoke which item? (* to show all) (? for menu, Esc to quit)
Aiming: Paralyse
Press: ? - help, Shift-Dir - straight line, f/p - orc wizard
Aim: an orc wizard, wielding a dagger of draining and wearing a robe (severely wounded, fast, chance to defeat MR: 46%)
The orc warrior resists with some effort.
Evoke which item? (* to show all) (? for menu, Esc to quit)
Aiming: Paralyse
Press: ? - help, Shift-Dir - straight line, f/p - orc wizard
Aim: an orc wizard, wielding a dagger of draining and wearing a robe (severely wounded, fast, chance to defeat MR: 46%)
The orc warrior resists with some effort.
The orc warrior hits you from afar with a glaive!
* * * LOW HITPOINT WARNING * * *
Unknown command.
Okay, then.
You feel better.
The orc warrior hits you from afar with a glaive!!
You die...

#.............##
..# #.#....
#(.............#
#. #...#..
############...#
#.##..##.. ##..#
#........ #(##
###...... ####.##
#....... #.....#
###.....
##....#####
#...... ##@.......
###.....
#$....#...........
o##..## .........
o# #.# #.........
)# ## #..######.
.# #.. ## .. ##.
#. ###.. #....


You could see an orc warrior and an orc wizard.

Vanquished Creatures
  2 ogres
  A centaur (D:5)
  Blork the orc (D:6)
  A bullfrog (D:5)
  A water moccasin zombie (D:6)
  A scorpion (D:5)
  A wyvern skeleton (D:6)
  2 wights (D:6)
  A howler monkey (D:6)
  2 crimson imps (D:5)
  3 hounds
  An orc priest (D:4)
  A centaur zombie (D:5)
  2 iguanas
  2 orc wizards
  A statue (D:5)
  3 worker ants
  8 gnolls (D:4)
  A howler monkey skeleton (D:5)
  6 adders
  An ooze (D:3)
  An adder zombie (D:5)
  3 worms
  2 dart slugs (D:1)
  3 leopard geckos
  11 orcs
  4 giant cockroaches
  7 hobgoblins
  7 jackals
  3 quokkas
  3 ball pythons
  6 bats
  5 frilled lizards
  4 goblins
  A jackal zombie (D:5)
  5 kobolds
  7 rats
114 creatures vanquished.

Notes
Turn   | Place    | Note
-------+----------+-------------------------------------------
     0 | D:1      | iamserjio the Draconian Conjurer began the quest for the Orb.
     0 | D:1      | Reached XP level 1. HP: 14/14 MP: 3/3
   380 | D:1      | Reached XP level 2. HP: 18/22 MP: 3/5
   745 | D:1      | Reached skill level 1 in Fighting
  1130 | D:2      | Reached XP level 3. HP: 28/28 MP: 4/6
  1250 | D:2      | Learned a level 2 spell: Searing Ray
  1274 | D:2      | Found an ornate altar of the Wu Jian Council.
  2199 | D:3      | Reached XP level 4. HP: 36/36 MP: 5/7
  2725 | D:4      | Reached skill level 5 in Conjurations
  3209 | D:4      | Reached XP level 5. HP: 40/41 MP: 1/9
  3377 | D:4      | Found a runed door.
  3377 | D:4      | Noticed Alabard's ghost (amateur DEVM)
  3695 | D:4      | Found a shadowy altar of Dithmenos.
  3754 | D:4      | Found Jailyugh's Food Shoppe.
  3950 | D:4      | Found a runed door.
  3966 | D:4      | Noticed an ogre
  4045 | D:4      | Killed an ogre
  4045 | D:4      | Reached XP level 6. HP: 31/50 MP: 3/11
  4612 | D:5      | Entered Level 5 of the Dungeon
  4623 | D:5      | Reached skill level 6 in Conjurations
  5008 | D:5      | Learned a level 4 spell: Fulminant Prism
  5122 | D:5      | Found a radiant altar of Vehumet.
  5497 | D:5      | Became a worshipper of Vehumet
  5508 | D:5      | Found a staircase to the Ecumenical Temple.
  5620 | D:5      | Learned a level 4 spell: Iskenderun's Mystic Blast
  5816 | D:5      | Your scales start taking on a lurid green colour.
  5816 | D:5      | Reached XP level 7. HP: 57/57 MP: 8/13
  5816 | D:5      | Gained mutation: Your system is resistant to poisons. (rPois) [Green Draconian growth]
  5921 | D:5      | Found a deep blue altar of Sif Muna.
  5931 | D:5      | Reached skill level 1 in Hexes
  5949 | D:5      | Found a shimmering altar of Xom.
  6377 | D:5      | Found Lustrem's Assorted Antiques.
  6387 | D:5      | Bought a brown potion for 21 gold pieces
  6387 | D:5      | Bought a knobbly brass ring for 120 gold pieces
  6387 | D:5      | Bought a scroll labeled ZAUBOU POST for 24 gold pieces
  6387 | D:5      | Bought a scroll labeled NUFATU NAMOHA for 24 gold pieces
  6387 | D:5      | Bought a smoky cyan potion for 21 gold pieces
  6447 | D:5      | Found a glowing silver altar of Zin.
  7311 | D:6      | Reached skill level 7 in Conjurations
  7412 | D:6      | Noticed Blork the orc
  7417 | D:6      | Killed Blork the orc
  7528 | D:6      | Reached skill level 5 in Spellcasting
  7528 | D:6      | Reached XP level 8. HP: 66/66 MP: 8/15
  7802 | D:6      | Learned a level 3 spell: Mephitic Cloud
  7805 | D:6      | Learned a level 2 spell: Blink
  8144 | D:6      | Reached skill level 1 in Poison Magic
  8347 | D:6      | Mangled by an orc warrior

Vault maps used:
D:1:      lemuel_arrival_tunnels
D:2:      marbit_many_paths
D:3:      bh_walls_and_bars
D:4:      ebering_ghost_sewer_f, first_ration, serial_shops,
          nicolae_shop_behind_doors, grunt_dithmenos_smoke_and_mirrors
D:5:      vehumet_statue, grunt_temple_overflow_open, zin_academy,
          minmay_temple_entry_trees, serial_shops, kennysheep_little_box
D:6:      minmay_three_doors, uniq_blork_the_orc, uniq_pikel

Skill      XL: |  1  2  3  4  5  6  7  8 |
---------------+-------------------------+-----
Fighting       | 1 2 3 4 |  4.8
Conjurations   | 5 6 7 |  7.8
Spellcasting   | 3 4 5 |  5.3
Hexes          | 2 |  2.0
Poison Magic   | 1 |  1.3
Dodging        | |  1.7
Stealth        | |  1.7

Action                   |  1- 3 |  4- 6 |  7- 9 || total
-------------------------+-------+-------+-------++-------
Melee: Dagger            |    94 |    52 |    17 ||   163
       Tailslap          |    13 |     6 |    10 ||    29
       Unarmed           |     2 |       |       ||     2
       Spear             |       |       |    39 ||    39
 Cast: Magic Dart        |    70 |   103 |    66 ||   239
       Searing Ray       |       |     8 |     4 ||    12
       Iskenderun's Myst |       |       |    14 ||    14
 Abil: Breathe Noxious F |       |       |     2 ||     2
Evoke: Wand              |       |       |     5 ||     5
  Use: Scroll            |       |       |     8 ||     8
       Potion            |       |       |     1 ||     1
 Stab: Sleeping          |     1 |     5 |     1 ||     7
  Eat: Chunk             |     4 |    12 |     6 ||    22
       Ration            |       |       |     1 ||     1
Armor: Skin              |    26 |    26 |    23 ||    75
Dodge: Dodged            |    67 |    53 |    67 ||   187

Table legend:
 A = Spawn XP
 B = Non-spawn XP
 C = Spawn XP percentage of total XP
 D = Spawn monster count
 E = Non-spawn monster count
 F = Spawn count percentage of total count
 G = Total turns spent on level
                    A         B        C        D         E        F      G
               +---------+---------+-------+---------+---------+-------+---------
         Total |       0 |    1911 |   0.0 |       0 |     114 |   0.0 |  8347
               +---------+---------+-------+---------+---------+-------+---------
           D:1 |       0 |      40 |   0.0 |       0 |      21 |   0.0 |  1124
           D:2 |       0 |      30 |   0.0 |       0 |      16 |   0.0 |   820
           D:3 |       0 |      51 |   0.0 |       0 |      16 |   0.0 |  1108
           D:4 |       0 |     469 |   0.0 |       0 |      25 |   0.0 |  1808
           D:5 |       0 |     688 |   0.0 |       0 |      25 |   0.0 |  2551
           D:6 |       0 |     633 |   0.0 |       0 |      11 |   0.0 |   936
               +---------+---------+-------+---------+---------+-------+---------
